 Dungeon Crawl Stone Soup version 0.24.0-1-gfbc8707 (webtiles) character file.

Game seed: 4248030509005253290, levelgen mode: deterministic

632061 Bregath the Executioner (level 26, -5/230 (234) HPs)
             Began as a Minotaur Berserker on Nov 1, 2019.
             Was an Elder of Trog.
             Slain by an ancient champion
             ... wielding a +3 battleaxe of chopping
              (16 damage)
             ... on level 3 of the Tomb of the Ancients on Nov 3, 2019.
             The game lasted 04:51:55 (65251 turns).

Bregath the Executioner (Minotaur Berserker)       Turns: 65251, Time: 04:51:58

HP:   -5/230 (234)  AC: 28    Str: 28    XL:     26   Next: 81%
MP:   31/31         EV: 27    Int: 12    God:    Trog [****..]
Gold: 1531          SH: 26    Dex: 23    Spells: 25/25 levels left

rFire    . . .     SeeInvis +   s - +9 broad axe of the Special Realms {chop, rElec MR++}
rCold    + + +     Gourm    .   J - +5 shield {AC+3}
rNeg     + + .     Faith    .   X - quicksilver dragon scales of Good Intentions {MR+ Slay+4}
rPois    .         Spirit   .   w - -1 hat of Atheism {rC++}
rElec    +         Reflect  +   V - +2 cloak "Koolaca" {Int+2 Dex+2 Slay+2 SInv}
rCorr    .         Harm     .   e - +0 pair of gloves "Litossa" {rElec rC+ MR++ Int-5}
MR       +++++                  U - +2 pair of boots {Stlth+}
Stlth    ++++++++..             a - amulet of Vozyedej {Reflect +Inv Str+3 Int+9 Dex-2 SH+3}
HPRegen  1.48/turn              Z - ring "Usuf" {Wiz rElec rN+ Dex+4 Slay+2}
MPRegen  0.22/turn              M - ring of Neux Fos {+Blink rN+ Int+2 Stlth+}

@: about to teleport, marked, very slightly contaminated, regenerating, slowed,
studying Throwing, lightly drained, very slow
A: retaliatory headbutt, horns 2, agile 1, dopey 1
}: 4/15 runes: serpentine, barnacled, slimy, silver
a: Berserk, Trog's Hand, Brothers in Arms, Renounce Religion, Evoke Blink, Evoke
Invisibility


You were on level 3 of the Tomb of the Ancients.
You worshipped Trog.
Trog was greatly pleased with you.
You were not hungry.

You visited 10 branches of the dungeon, and saw 50 of its levels.
You visited 1 bazaar.
You also visited: Bailey.

You collected 6973 gold pieces.
You spent 5442 gold pieces at shops.

Inventory:

Hand Weapons
 s - the +9 broad axe of the Special Realms (weapon) {chop, rElec MR++}
   (You bought it in a shop on level 15 of the Dungeon)

   It inflicts extra damage upon your enemies.
   It insulates you from electricity.
   It affects your resistance to hostile enchantments.
 N - the +10 hunting sling "Gesod" {flame, Str+2 Dex+2}
   (You found it on level 3 of the Elven Halls)

   It causes projectiles fired from it to burn those they strike, causing extra
   injury to most foes and up to half again as much damage against particularly
   susceptible opponents.
   It affects your strength (+2).
   It affects your dexterity (+2).
Missiles
 A - 25 sling bullets (quivered)
Armour
 e - the +0 pair of gloves "Litossa" (worn) {rElec rC+ MR++ Int-5}
   (You found it on level 5 of the Vaults)

   It affects your intelligence (-5).
   It protects you from cold.
   It insulates you from electricity.
   It affects your resistance to hostile enchantments.
 o - the +2 pair of gloves "Zoitrung" {SInv}
   (You acquired it on level 12 of the Dungeon)

   It lets you see invisible.
 q - a +6 scale mail of cold resistance
 w - the -1 hat of Atheism (worn) {rC++}
   (You found it on level 5 of the Vaults)

   It greatly protects you from cold.
 D - the +2 ring mail "Onwus" {rElec Regen+ rCorr}
   (You took it off an orc on level 1 of the Vaults)

   It insulates you from electricity.
   It increases your rate of regeneration.
   It provides partial protection from all sources of acid and corrosion.
 J - a +5 shield of protection (worn)
 P - a +2 hat of magic resistance
 U - a +2 pair of boots of stealth (worn)
 V - the +2 cloak "Koolaca" (worn) {Int+2 Dex+2 Slay+2 SInv}
   (You found it on level 1 of the Vaults)

   It affects your intelligence (+2).
   It affects your dexterity (+2).
   It affects your accuracy and damage with ranged weapons and melee attacks
   (+2).
   It lets you see invisible.
 X - the quicksilver dragon scales of Good Intentions (worn) {MR+ Slay+4}
   (You found it on level 4 of the Shoals)

   It affects your accuracy and damage with ranged weapons and melee attacks
   (+4).
   It affects your resistance to hostile enchantments.
Jewellery
 a - the amulet of Vozyedej (around neck) {Reflect +Inv Str+3 Int+9 Dex-2 SH+3}
   (You found it on level 9 of the Dungeon)

   [amulet of reflection]

   It shields you and reflects attacks.
   It affects your strength (+3).
   It affects your intelligence (+9).
   It affects your dexterity (-2).
   It lets you turn invisible.
   It affects your SH (+3).
 m - the ring "Weuceeh" {AC+5 Str-4 Int+3 SInv}
   (You found it on level 5 of the Pits of Slime)

   [ring of protection]

   It affects your AC (+5).
   It affects your strength (-4).
   It affects your intelligence (+3).
   It lets you see invisible.
 B - the ring "Arphub" {rPois rC+++ AC+5 Dex+5 Stlth-}
   (You bought it in a shop in a bazaar)

   [ring of protection]

   It affects your AC (+5).
   It affects your dexterity (+5).
   It renders you almost immune to cold.
   It protects you from poison.
   It makes you less stealthy.
 M - the ring of Neux Fos (right hand) {+Blink rN+ Int+2 Stlth+}
   (You found it on level 2 of the Elven Halls)

   [ring of positive energy]

   It affects your intelligence (+2).
   It protects you from negative energy.
   It lets you blink.
   It makes you more stealthy.
 Z - the ring "Usuf" (left hand) {Wiz rElec rN+ Dex+4 Slay+2}
   (You took it off a deep elf blademaster on level 3 of the Elven Halls)

   [ring of wizardry]

   It improves your spell success rate.
   It affects your dexterity (+4).
   It affects your accuracy and damage with ranged weapons and melee attacks
   (+2).
   It insulates you from electricity.
   It protects you from negative energy.
Wands
 O - a wand of digging (10)
 R - a wand of acid (11)
 S - a wand of disintegration (22)
 W - a wand of iceblast (12)
Scrolls
 d - 2 scrolls of fog
 f - 9 scrolls of teleportation
 h - 17 scrolls of remove curse
 y - a scroll of summoning
 C - 4 scrolls of fear
 G - 6 scrolls of identify
 H - 2 scrolls of silence
 L - 9 scrolls of magic mapping
Potions
 j - a potion of agility
 l - a potion of might
 r - 6 potions of mutation
 t - 2 potions of resistance
 E - 5 potions of curing
 F - 3 potions of invisibility
 I - a potion of ambrosia
 K - 4 potions of flight
 T - a potion of haste
Books
 n - a manual of Throwing
Miscellaneous
 b - a lamp of fire (inert)
 g - a fan of gales (inert)
 z - 5 phantom mirrors
 Q - a phial of floods (inert)
Comestibles
 c - 46 rations


   Skills:
 + Level 18.8(18.7) Fighting
 * Level 22.6(22.5) Axes
 * Level 18.8(21.0) Slings
 * Level 16.1(18.9) Throwing
 * Level 19.1(19.0) Armour
 * Level 16.9(16.8) Dodging
 * Level 14.8(14.7) Stealth
 * Level 21.7(21.6) Shields
 * Level 12.4(12.3) Evocations


You had 25 spell levels left.
You didn't know any spells.
Your spell library was empty.

Dungeon Overview and Level Annotations

Branches:
Dungeon (15/15)            Temple (0/1) D:6            Lair (6/6) D:9
 Shoals (4/4) Lair:3        Snake (4/4) Lair:2        Slime (5/5) Lair:6
    Orc (2/2) D:11            Elf (3/3) Orc:2        Vaults (5/5) D:14
  Crypt (3/3) Vaults:3       Tomb (3/3) Crypt:3      Depths (0/5) D:15
 Bailey (visited)

Altars:
Cheibriados
Dithmenos
Elyvilon
Fedhas
Hepliaklqana
Kikubaaqudgha
Makhleb
Nemelex Xobeh
Okawaru
Sif Muna
Trog
Xom
The Shining One
Beogh
Jiyva

Shops:
D:11 (   D:12 *   D:15 (   Orc:1 =   Orc:2 ??%*   Elf:1 **%   Shoals:3 (
Shoals:4 [*(!*   Snake:3 [   Vaults:1 }   Vaults:4 *

Annotations:
Tomb:3 Khufu


Innate Abilities, Weirdness & Mutations

You reflexively headbutt those who attack you in melee.
You have a pair of horns on your head.
You are agile. (Dex +2)
You are dopey. (Int -2)


Message History

The hungry ghost blinks!
The bennu blinks!
The ushabti blinks!
The guardian mummy blinks!
You blink.
The guardian mummy blinks!
The ynoxinul enters a dispersal trap!
The flying skull blinks!
The mummy priest blinks!
The flying skull blinks!
The greater mummy blinks!
The mummy blinks!
The emperor scorpion blinks!
The phantasmal warrior blinks!
The ushabti blinks!
The greater mummy blinks!
The mummy blinks!
The iron dragon skeleton blinks!
You block the emperor scorpion's attack.
The emperor scorpion closely misses you.
The emperor scorpion claws you but does no damage.
The ushabti barely misses you. You furiously retaliate!
You headbutt the ushabti!
The phantasmal warrior blinks!
The mummy moves out of view.
As you read the scroll of teleportation, it crumbles to dust.
You feel strangely unstable.
You block the emperor scorpion's attack. x3
You block the ushabti's attack.
The mummy priest prays to its god.
The ancient champion hits you with a +3 battleaxe of chopping!
You die... ##$$$$".###.MzM..# ^ ):# #$)$$$^..##M§§.zM# .. ::}# M$$?/$...##..4§/z# .4. $$::[# Z((s$(.^..#M..4nW# .... ^$}==)# b$$$$M....#.§.M3M#...^. .$|)°=○## %($$$$M.M.sM...sMVM..^. .((MW°}z# ()!$.....Z#.z§zs5#Z .(MbMZ°L)

$$$(......#.M.M8z#..
..Z$°°(Z[
M........##..3§M@#
....$$)/|
$........##§§§§zs#
.....($$$
(.......##5.53^WMz
......$$|
^(....Z##.§§.[§.M..
........#
.H....##M§§..§.....^
........#
.....##.s.§..M.§§..M.
...^..###
....##....M....W.§...^
....##
#M####....MM....§...z.#
##+# .....§.z§s§§M.5...


You could see 4 greater mummies, 2 emperor scorpions, 3 ancient champions, 2
mummy priests, a jiangshi, a sun demon, a phantasmal warrior, 2 guardian
mummies, an ushabti, a freezing wraith, a hungry ghost, a ynoxinul, a death
scarab, a necrophage, 4 flying skulls, 4 mummies and an ufetubus.

Vanquished Creatures
  the Royal Jelly (Slime:5)
  4 ancient liches
  Mennas (Crypt:2)
  23 greater mummies
  Boris (Vaults:4)
  Frederick (Tomb:1)
  The ghost of Faydane the Hoplite, a veteran HuFi of the Shining One (Vaults:1)
  Saint Roka (Snake:4)
  Vashnia (Snake:2)
  Nikola (Shoals:4)
  The ghost of Droegar the Slayer, an adept MiBe of Trog (Vaults:2)
  3 golden dragons
  4 tentacled monstrosities
  Jorgrun (Elf:2)
  4 liches
  A shard shrike skeleton (Crypt:2)
  2 titans (Vaults:5)
  3 deep elf blademasters
  A deep elf master archer (Elf:3)
  2 quicksilver dragons (Vaults:5)
  41 acid blobs
  5 ancient champions
  11 sphinxes
  Agnes (Elf:2)
  Gastronok (Lair:3)
  Kirke (D:13)
  A shadow dragon (Vaults:5)
  8 nagarajas
  6 revenants
  3 fire giants
  22 azure jellies
  5 deep elf sorcerers (Elf:3)
  19 vault wardens
  5 frost giants
  Aizul (Snake:2)
  2 orc warlords (Vaults:1)
  2 curse skulls
  7 deep elf elementalists (Elf:3)
  2 ghouls (Crypt:1)
  An iron dragon (Vaults:5)
  4 very ugly things
  17 ironheart preservers
  7 war gargoyles
  12 bennus
  14 stone giants
  3 deep elf demonologists
  4 vampire knights
  5 deep elf annihilators
  5 dire elephants (Lair:6)
  3 eidola
  6 deep elf death magi
  14 death oozes
  7 ettins
  22 mummy priests
  13 merfolk impalers
  A quicksilver dragon zombie (Tomb:3)
  4 fire dragons
  8 great orbs of eyes
  3 jiangshi (Crypt:2)
  2 merfolk javelineers
  A crystal guardian (Vaults:5)
  5 deep elf high priests
  11 yaktaur captains
  37 vault guards
  5 ice dragons
  4 hydras
  3 rakshasas
  22 naga warriors
  A quicksilver dragon skeleton (Crypt:3)
  Erolcha (D:11)
  10 anacondas
  2 merfolk aquamancers
  7 centaur warriors
  Erica (D:8)
  4 merfolk avatars
  16 two-headed ogres
  27 dancing weapons
  3 death yaks (Lair:5)
  10 death knights
  54 death scarabs
  2 small abominations (Vaults:1)
  13 naga sharpshooters
  A satyr (Shoals:4)
  8 ogre magi
  Urug (Lair:5)
  A deep troll earth mage (Vaults:4)
  6 shock serpents
  2 tengu warriors
  3 vampire magi
  2 orc high priests (Vaults:1)
  23 deep elf knights
  Sonja (Lair:5)
  12 sea snakes
  6 salamander mystics
  12 hell knights
  A shadow wraith (Crypt:2)
  24 skeletal warriors
  7 deep trolls
  4 glowing orange brains
  2 unseen horrors
  4 titan skeletons
  7 flayed ghosts
  A storm dragon skeleton (Crypt:3)
  24 ironbrand convokers
  A quicksilver dragon simulacrum (Crypt:2)
  A death drake (shapeshifter) (Vaults:1)
  8 naga ritualists
  27 deep elf archers
  An iron giant skeleton (Crypt:2)
  3 wizards
  3 wolf spiders
  An anaconda skeleton (Crypt:1)
  22 harpies
  11 mana vipers
  20 orc knights
  19 phantasmal warriors
  An orange crystal statue (Vaults:2)
  7 necromancers
  2 orc sorcerers
  8 shining eyes
  15 ugly things
  A stone giant zombie (Crypt:1)
  8 fauns
  74 deep elf magi
  A mana viper (shapeshifter) (Vaults:2)
  17 salamanders
  2 fire giant zombies
  10 manticores
  A cyclops (shapeshifter) (Vaults:2)
  An oklob plant (Lair:1)
  8 merfolk sirens
  7 cyclopes
  32 black mambas
  10 elephants
  A moth of wrath (shapeshifter) (Vaults:3)
  Joseph (D:9)
  4 guardian serpents
  19 naga magi
  3 eyes of devastation (Slime:5)
  14 vault sentinels
  7 spiny frogs
  4 smoke demons (Crypt:3)
  4 gargoyles (Crypt:3)
  5 water nymphs
  A dire elephant skeleton (Crypt:3)
  4 rime drakes
  A storm dragon simulacrum (Vaults:3)
  2 komodo dragons (shapeshifter) (Vaults:2)
  16 freezing wraiths
  2 komodo dragons
  A redback zombie (Crypt:2)
  38 yaktaurs
  43 guardian mummies
  A white draconian skeleton (Crypt:1)
  2 hydra zombies
  27 merfolk
  A queen ant zombie (Crypt:2)
  A queen bee (shapeshifter) (Vaults:1)
  2 red devils (Crypt:3)
  A polar bear (Vaults:3)
  A troll (shapeshifter) (Vaults:1)
  A tyrant leech (Lair:6)
  A bog body (Crypt:1)
  2 wind drakes
  4 trolls
  5 hornets
  2 fire dragon zombies
  A harpy skeleton (Tomb:3)
  A hornet (shapeshifter) (Elf:1)
  An ettin zombie (Vaults:4)
  5 dream sheep
  3 hydra skeletons
  12 hippogriffs
  A human simulacrum (Vaults:2)
  3 stone giant simulacra
  132 slime creatures
  8 snapping turtles
  10 blink frogs
  A hippogriff (shapeshifter) (Vaults:2)
  An alligator zombie (Tomb:3)
  A centaur simulacrum (D:14)
  4 shadows
  A redback (shapeshifter) (Vaults:5)
  An ice dragon skeleton (Crypt:1)
  8 ushabtiu
  40 flying skulls
  An air elemental (Elf:1)
  A hog (shapeshifter) (Vaults:2)
  15 wyverns
  A fire dragon skeleton (Crypt:1)
  34 yaks
  18 wraiths
  A vampire (D:14)
  A spriggan (shapeshifter) (Vaults:1)
  2 fire elementals
  5 hogs (D:13)
  Grum (D:11)
  A golden eye (shapeshifter) (Elf:2)
  A black mamba skeleton (Crypt:3)
  11 water elementals
  3 basilisks
  2 steam dragons
  6 hungry ghosts
  3 wargs
  Menkaure (D:5)
  52 nagas
  A deep troll zombie (Vaults:4)
  2 two-headed ogre zombies
  2 acid dragons
  An acid dragon (shapeshifter) (Vaults:5)
  7 water moccasins
  A soldier ant (shapeshifter) (Vaults:4)
  3 hell hounds
  10 porcupines
  A swamp drake (D:12)
  2 sky beasts
  2 snapping turtle zombies
  2 ettin simulacra
  54 orc warriors
  3 black bears
  2 human zombies
  2 phantoms
  4 ice beasts
  3 necrophages
  15 eyes of draining
  2 boggarts (Vaults:2)
  An elf zombie (Vaults:3)
  37 ogres
  20 centaurs
  An ogre (shapeshifter) (Vaults:2)
  10 wolves
  A manticore skeleton (Crypt:1)
  16 crocodiles
  A swamp dragon skeleton (Crypt:1)
  A rime drake zombie (Crypt:1)
  17 bullfrogs
  A big kobold (D:8)
  A gnoll sergeant (D:5)
  A wyvern zombie (Crypt:1)
  5 earth elementals
  A scorpion (D:8)
  7 killer bees
  2 electric eels (Lair:3)
  6 howler monkeys
  A basilisk zombie (Crypt:2)
  6 crimson imps
  Crazy Yiuf (D:7)
  3 centaur zombies
  A bullfrog zombie (D:5)
  2 jellies
  18 orc priests
  6 hounds
  23 orc wizards
  2 bullfrog skeletons
  3 centaur skeletons
  Jessica (D:3)
  13 worker ants
  A hound skeleton (D:4)
  40 mummies
  2 howler monkey zombies
  13 gnolls
  A howler monkey skeleton (D:5)
  11 adders
  A steam dragon zombie (Crypt:1)
  A swamp drake zombie (Crypt:1)
  2 shadow imps (D:7)
  12 white imps (D:12)
  An ooze (D:5)
  An adder skeleton (D:6)
  An adder zombie (D:5)
  2 worms (D:2)
  A worm (shapeshifter) (Vaults:4)
  A ball lightning (Tomb:1)
  A dart slug (D:1)
  2 leopard geckos
  78 orcs
  3 bats
  5 giant cockroaches
  3 goblins
  9 hobgoblins
  8 jackals
  3 kobolds
  10 quokkas
  A ball python (D:5)
  6 frilled lizards
  A giant cockroach zombie (D:5)
  A jackal skeleton (D:8)
  A quokka skeleton (D:4)
  3 rats
  A river rat skeleton (Crypt:1)
  2 fungi
  10 plants
  A withered plant (Crypt:3)
2251 creatures vanquished.

Vanquished Creatures (collateral kills)
  A greater mummy (Tomb:2)
  An acid blob (Slime:5)
  An azure jelly (Slime:5)
  A bennu (Tomb:3)
  A merfolk impaler (Shoals:1)
  3 death oozes (Slime:5)
  A naga warrior (Snake:4)
  2 death scarabs
  A dancing weapon (D:9)
  2 naga sharpshooters (Snake:4)
  The ghost of centipede the Destroyer, a novice DrWz of Ru (D:9)
  An anaconda skeleton (Tomb:2)
  An orc knight (Orc:2)
  An oklob plant (Lair:1)
  3 guardian serpents (Snake:4)
  A water nymph (Shoals:1)
  A wind drake (Shoals:1)
  2 guardian mummies
  2 orc warriors
  3 merfolk (Shoals:1)
  A flying skull (Tomb:2)
  4 water elementals (Shoals:1)
  3 ushabtiu (Tomb:2)
  2 nagas (Snake:4)
  2 centaurs (Orc:2)
  An iguana (D:12)
  5 mummies
  A plant (Lair:1)
49 creatures vanquished.

Vanquished Creatures (others)
  Asterion (Snake:2)
  A nagaraja (Snake:4)
  A vault warden (Vaults:3)
  A deep elf demonologist (Elf:1)
  4 stone giants
  An ettin (Vaults:3)
  A merfolk impaler (Shoals:4)
  3 yaktaur captains
  3 vault guards
  A centaur warrior (D:15)
  A satyr (Shoals:2)
  A merfolk aquamancer (Shoals:1)
  5 death scarabs (Tomb:3)
  A deep elf knight (Elf:1)
  4 naga sharpshooters
  A skeletal warrior (Tomb:3)
  An unseen horror (shapeshifter) (Vaults:2)
  A deep elf archer (Elf:1)
  2 orc knights (Bailey)
  A cyclops (Vaults:2)
  A vault sentinel (Vaults:3)
  16 yaktaurs
  A tengu conjurer (D:15)
  A merfolk (Shoals:4)
  A dream sheep (Shoals:2)
  2 orc warriors
  5 centaurs
  3 orcs (Orc:2)
  3 fungi
  2 plants
70 creatures vanquished.

Grand Total: 2370 creatures vanquished

Notes
Turn   | Place    | Note
-------+----------+-------------------------------------------
     0 | D:1      | Bregath the Minotaur Berserker began the quest for the Orb.
     0 | D:1      | Reached XP level 1. HP: 19/19 MP: 0/0
   136 | D:1      | Reached XP level 2. HP: 27/27 MP: 1/1
   275 | D:1      | You fall into a shaft and drop 1 floor!
   406 | D:2      | Reached skill level 4 in Axes
   647 | D:2      | Reached XP level 3. HP: 33/33 MP: 2/2
   808 | D:2      | Reached skill level 1 in Stealth
   812 | D:2      | Reached XP level 4. HP: 36/40 MP: 3/3
  1454 | D:3      | Noticed Jessica
  1458 | D:3      | Killed Jessica
  1458 | D:3      | Reached skill level 1 in Slings
  1534 | D:3      | Reached ** piety under Trog
  1568 | D:3      | Found a shadowy altar of Dithmenos.
  1764 | D:4      | Reached XP level 5. HP: 46/46 MP: 4/4
  1779 | D:4      | Noticed a phantom
  1810 | D:4      | Killed a phantom
  1834 | D:4      | Reached skill level 1 in Throwing
  1834 | D:4      | Reached XP level 6. HP: 42/53 MP: 5/5
  2247 | D:4      | Reached skill level 5 in Axes
  2247 | D:4      | Reached XP level 7. HP: 55/60 MP: 6/6
  2807 | D:5      | Entered Level 5 of the Dungeon
  2863 | D:5      | Reached *** piety under Trog
  2910 | D:5      | Reached skill level 6 in Axes
  2911 | D:5      | Noticed Menkaure
  2921 | D:5      | Killed Menkaure
  2921 | D:5      | Reached XP level 8. HP: 62/67 MP: 7/7
  2933 | D:5      | Reached skill level 5 in Fighting
  2933 | D:5      | Reached skill level 7 in Axes
  3015 | D:5      | Reached skill level 5 in Armour
  3208 | D:5      | Found a glowing golden altar of the Shining One.
  3477 | D:6      | Found an ancient bone altar of Kikubaaqudgha.
  3642 | D:6      | Found a staircase to the Ecumenical Temple.
  3644 | D:6      | Found a bloodstained altar of Trog.
  4056 | D:6      | Reached skill level 1 in Evocations
  4651 | D:7      | Reached **** piety under Trog
  4826 | D:7      | Found a runed translucent door.
  4827 | D:7      | Noticed Crazy Yiuf
  4939 | D:7      | Killed Crazy Yiuf
  5072 | D:7      | Reached skill level 8 in Axes
  5151 | D:7      | Reached skill level 5 in Dodging
  5158 | D:7      | Reached XP level 9. HP: 62/74 MP: 9/9
  5452 | D:8      | Found a hazy altar of Hepliaklqana.
  5453 | D:8      | Found a white marble altar of Elyvilon.
  5453 | D:8      | Found a sparkling altar of Nemelex Xobeh.
  5455 | D:8      | Found a burning altar of Makhleb.
  5466 | D:8      | Noticed a two-headed ogre
  5476 | D:8      | Killed a two-headed ogre
  5476 | D:8      | Reached skill level 9 in Axes
  5708 | D:8      | Noticed Maurice
  5711 | D:8      | Noticed Maurice
  5711 | D:8      | Maurice changed into Maurice the centaur
  5717 | D:8      | Killed Maurice the centaur
  5721 | D:8      | Found a shimmering altar of Xom.
  5946 | D:8      | Noticed Erica
  5960 | D:8      | Reached skill level 10 in Axes
  5963 | D:8      | Killed Erica
  5963 | D:8      | Reached XP level 10. HP: 57/83 MP: 9/11
  6771 | D:9      | Found a runed translucent door.
  6771 | D:9      | Found a shimmering altar of Xom.
  6771 | D:9      | Noticed a +3 broad axe of chaos
  6771 | D:9      | Noticed centipede's ghost (novice DrWz)
  6788 | D:9      | Reached ***** piety under Trog
  6798 | D:9      | Noticed Joseph
  6815 | D:9      | Killed Joseph
  6815 | D:9      | Reached skill level 11 in Axes
  7017 | D:9      | Found a staircase to the Lair.
  7041 | D:9      | Got a twitching diamond amulet
  7043 | D:9      | Identified the amulet of Vozyedej {Reflect +Inv Str+3 Int+9
                  | Dex-2 SH+3} (You found it on level 9 of the Dungeon)
  7345 | D:9      | Killed a +3 broad axe of chaos
  7345 | D:9      | Reached skill level 5 in Stealth
  7348 | D:9      | Killed centipede's ghost
  7379 | D:10     | Entered Level 10 of the Dungeon
  7415 | D:10     | Reached skill level 12 in Axes
  7516 | D:10     | Noticed an unseen horror
  7521 | D:10     | Killed an unseen horror
  7521 | D:10     | Reached XP level 11. HP: 88/91 MP: 12/12
  7820 | D:11     | Noticed Erolcha
  7832 | D:11     | Killed Erolcha
  7885 | D:11     | Noticed Grum
  7907 | D:11     | Killed Grum
  8069 | D:11     | Received a gift from Trog
  8131 | D:11     | Noticed an orc knight
  8148 | D:11     | Killed an orc knight
  8149 | D:11     | Found Gefuk's Weapon Boutique.
  8149 | D:11     | Found a staircase to the Orcish Mines.
  8290 | D:11     | Reached skill level 13 in Axes
  8559 | D:12     | Identified a scroll of acquirement
  8560 | D:12     | Got a pair of translucent gloves
  8565 | D:12     | Received a gift from Trog
  8604 | D:12     | Found Peqotsiodgh's Assorted Antiques.
  8611 | D:12     | Bought a smoky yellow potion for 27 gold pieces
  8611 | D:12     | Bought 2 scrolls of identify for 120 gold pieces
  8611 | D:12     | Bought a scroll of identify for 60 gold pieces
  8612 | D:12     | Identified the +2 pair of gloves "Zoitrung" {SInv} (You
                  | acquired it on level 12 of the Dungeon)
  8669 | D:12     | Found a flagged portal.
  8679 | Bailey   | Entered a bailey
  8679 | Bailey   | Noticed an orc knight
  8679 | Bailey   | Noticed an orc knight
  8681 | Bailey   | Noticed an orc knight
  8681 | Bailey   | Noticed an orc knight
  8737 | Bailey   | Killed an orc knight
  8737 | Bailey   | Reached skill level 5 in Slings
  9175 | Bailey   | Noticed a deep troll
  9175 | Bailey   | an orc knight changed into a deep troll
  9177 | Bailey   | Noticed an anaconda
  9177 | Bailey   | a deep troll changed into an anaconda
  9190 | Bailey   | Killed an anaconda
  9423 | Bailey   | Noticed an orc knight
  9437 | Bailey   | Killed an orc knight
  9699 | D:12     | Reached XP level 12. HP: 100/100 MP: 14/14
 10205 | D:13     | Noticed Kirke
 10210 | D:13     | Noticed a tengu warrior
 10220 | D:13     | Killed Kirke
 10220 | D:13     | Reached skill level 14 in Axes
 10220 | D:13     | Reached skill level 10 in Armour
 10220 | D:13     | Reached skill level 1 in Shields
 10220 | D:13     | Reached skill level 5 in Evocations
 10234 | D:13     | Killed a tengu warrior
 10361 | D:13     | Noticed a centaur warrior
 10366 | D:13     | Killed a centaur warrior
 10571 | D:13     | Noticed a centaur warrior
 10590 | D:13     | Killed a centaur warrior
 10614 | D:13     | Identified the Tome of Doomed Ice
 11008 | D:14     | Noticed a vault guard
 11008 | D:14     | Noticed a vault guard
 11008 | D:14     | Noticed a vault guard
 11008 | D:14     | Noticed a vault guard
 11016 | D:14     | Noticed a vault guard
 11018 | D:14     | Noticed a vault guard
 11019 | D:14     | Noticed a vault guard
 11027 | D:14     | Killed a vault guard
 11027 | D:14     | Received a gift from Trog
 11044 | D:14     | Killed a vault guard
 11046 | D:14     | Noticed a vault guard
 11062 | D:14     | Killed a vault guard
 11069 | D:14     | Killed a vault guard
 11071 | D:14     | Killed a vault guard
 11071 | D:14     | Reached skill level 15 in Axes
 11086 | D:14     | Found a gate to the Vaults.
 11133 | D:14     | Reached XP level 13. HP: 96/107 MP: 16/16
 11147 | D:14     | Found a blossoming altar of Fedhas.
 11151 | D:14     | Found a snail-covered altar of Cheibriados.
 11970 | D:15     | Entered Level 15 of the Dungeon
 12036 | D:15     | Reached skill level 5 in Throwing
 12139 | D:15     | Noticed a fire giant
 12143 | D:15     | Found a staircase to the Depths.
 12448 | D:15     | Killed a fire giant
 12486 | D:15     | Found Woddef's Weapon Shoppe.
 12820 | Orc:1    | Entered Level 1 of the Orcish Mines
 12822 | Orc:1    | Found a roughly hewn altar of Beogh.
 13072 | Orc:1    | Found Fuybbybb's Jewellery Boutique.
 13380 | D:15     | Bought the +9 broad axe of the Special Realms {chop, rElec
                  | MR++} for 1101 gold pieces
 13502 | Orc:2    | Entered Level 2 of the Orcish Mines
 13695 | Orc:2    | Received a gift from Trog
 13724 | Orc:2    | Found a staircase to the Elven Halls.
 13741 | Orc:2    | Found a roughly hewn altar of Beogh.
 13980 | Orc:2    | Reached skill level 16 in Axes
 13987 | Orc:2    | Reached skill level 5 in Shields
 14459 | Orc:2    | Found Xodubla's Magic Scroll Shop.
 14459 | Orc:2    | Found Fafristra's Food Shoppe.
 14461 | Orc:2    | Found Janwiomi's Assorted Antiques.
 14463 | Orc:2    | Found Orchavas's Magic Scroll Boutique.
 14478 | Orc:2    | Bought a scroll of teleportation for 39 gold pieces
 14478 | Orc:2    | Bought a scroll of teleportation for 39 gold pieces
 14481 | Orc:2    | Bought a scroll labeled IWKEFF ROWIO for 36 gold pieces
 14481 | Orc:2    | Bought a scroll of enchant armour for 270 gold pieces
 14481 | Orc:2    | Bought a scroll labeled JOSUIC BIC ZEI for 36 gold pieces
 14481 | Orc:2    | Bought a potion of flight for 108 gold pieces
 14481 | Orc:2    | Bought a scroll of teleportation for 108 gold pieces
 14731 | Lair:1   | Entered Level 1 of the Lair of Beasts
 16142 | Lair:2   | Found a staircase to the Snake Pit.
 16247 | Lair:2   | Reached XP level 14. HP: 118/118 MP: 17/17
 16982 | Lair:3   | Found a staircase to the Shoals.
 17212 | Lair:3   | Found an iron altar of Okawaru.
 17410 | Lair:3   | Noticed Gastronok
 17423 | Lair:3   | Killed Gastronok
 18398 | Lair:4   | Received a gift from Trog
 18918 | Lair:5   | Noticed Urug
 18921 | Lair:5   | Noticed Sonja
 18929 | Lair:5   | Killed Urug
 18931 | Lair:5   | Reached skill level 17 in Axes
 18945 | Lair:5   | Killed Sonja
 19640 | Lair:6   | Entered Level 6 of the Lair of Beasts
 20120 | Lair:6   | Found a staircase to the Slime Pits.
 20790 | Lair:6   | Reached XP level 15. HP: 45/126 MP: 18/18
 21392 | Elf:1    | Entered Level 1 of the Elven Halls
 21436 | Elf:1    | Found Zyk Zaet's Assorted Antiques.
 21467 | Elf:1    | Bought a scroll of summoning for 294 gold pieces
 21467 | Elf:1    | Bought a scroll of teleportation for 93 gold pieces
 21638 | Elf:1    | Reached skill level 10 in Fighting
 21657 | Elf:1    | Found Vemnibov's General Store.
 21669 | Elf:1    | Bought a scroll of identify for 32 gold pieces
 21669 | Elf:1    | Bought a scroll of identify for 32 gold pieces
 21728 | Elf:1    | Found Jetruod's Food Emporium.
 21823 | Elf:1    | Reached skill level 18 in Axes
 21823 | Elf:1    | Reached skill level 10 in Dodging
 22224 | Elf:1    | Received a gift from Trog
 22405 | Elf:1    | Identified Yninnec's Tome of Battle Magic
 22566 | Elf:2    | Got a spiked chain mail
 22567 | Elf:2    | Identified the cursed +1 chain mail of Jyiriur {rF+} (You
                  | found it on level 2 of the Elven Halls)
 22887 | Elf:2    | Received a gift from Trog
 23249 | Elf:2    | Received a gift from Trog
 23249 | Elf:2    | Reached skill level 10 in Shields
 23249 | Elf:2    | Reached XP level 16. HP: 123/136 MP: 19/19
 23569 | Elf:2    | Got a transparent golden ring
 23571 | Elf:2    | Got a slimy lapis lazuli ring
 23582 | Elf:2    | Identified the ring of Neux Fos {+Blink rN+ Int+2 Stlth+}
                  | (You found it on level 2 of the Elven Halls)
 23584 | Elf:2    | Identified the ring "Ingypnas" {MR- AC+3 Str+4 Int+2
                  | Stlth+} (You found it on level 2 of the Elven Halls)
 23593 | Elf:2    | Gained mutation: Your body sometimes deteriorates upon
                  | taking damage. [mutagenic glow]
 23616 | Elf:2    | Found a runed translucent gate.
 23616 | Elf:2    | Found a runed translucent gate.
 23617 | Elf:2    | Found a runed translucent gate.
 23624 | Elf:2    | Gained mutation: Your magical capacity is low. (-10% MP)
                  | [mutagenic glow]
 23651 | Elf:2    | Gained mutation: You are frail. (-10% HP) [mutagenic glow]
 23677 | Elf:2    | Gained mutation: Your body often deteriorates upon taking
                  | damage. [mutagenic glow]
 23725 | Elf:2    | Gained mutation: Your movements are slightly less
                  | encumbered by armour. (ER -2) [mutagenic glow]
 23753 | Elf:2    | Gained mutation: Your magical capacity is very low. (-20%
                  | MP) [mutagenic glow]
 23854 | Elf:2    | Lost mutation: Your body often deteriorates upon taking
                  | damage. [potion of mutation]
 23854 | Elf:2    | Lost mutation: Your magical capacity is very low. (-20% MP)
                  | [potion of mutation]
 23854 | Elf:2    | Gained mutation: Your body often deteriorates upon taking
                  | damage. [potion of mutation]
 23854 | Elf:2    | Gained mutation: Your spells are a little easier to cast,
                  | but a little less powerful. [potion of mutation]
 23854 | Elf:2    | Gained mutation: You expend magic power (3 MP) to
                  | strengthen your wands. [potion of mutation]
 23855 | Elf:2    | Lost mutation: You expend magic power (3 MP) to strengthen
                  | your wands. [potion of mutation]
 23855 | Elf:2    | Lost mutation: You are frail. (-10% HP) [potion of
                  | mutation]
 23855 | Elf:2    | Lost mutation: Your magical capacity is low. (-10% MP)
                  | [potion of mutation]
 23855 | Elf:2    | Lost mutation: Your body often deteriorates upon taking
                  | damage. [potion of mutation]
 23855 | Elf:2    | Gained mutation: Your flesh is heat resistant. (rF+)
                  | [potion of mutation]
 23855 | Elf:2    | Gained mutation: You are robust. (+10% HP) [potion of
                  | mutation]
 23855 | Elf:2    | Gained mutation: You expend magic power (3 MP) to
                  | strengthen your wands. [potion of mutation]
 24148 | Elf:2    | Noticed Agnes
 24158 | Elf:2    | Killed Agnes
 24284 | Elf:2    | Noticed Jorgrun
 24289 | Elf:2    | Noticed a deep elf blademaster
 24291 | Elf:2    | Received a gift from Trog
 24291 | Elf:2    | Reached skill level 10 in Slings
 24301 | Elf:2    | Killed Jorgrun
 24311 | Elf:2    | Killed a deep elf blademaster
 24887 | Elf:2    | Received a gift from Trog
 24993 | Elf:3    | Entered Level 3 of the Elven Halls
 25217 | Elf:3    | Noticed an Ice Fiend
 25219 | Elf:3    | Noticed a Tzitzimitl
 25471 | Elf:3    | Noticed a deep elf master archer
 25479 | Elf:3    | Identified the ring "Usuf" {Wiz rElec rN+ Dex+4 Slay+2}
 25479 | Elf:3    | Noticed a deep elf blademaster
 25481 | Elf:3    | Killed a deep elf master archer
 25498 | Elf:3    | Killed a deep elf blademaster
 25505 | Elf:3    | Noticed a deep elf blademaster
 25521 | Elf:3    | Identified the +5 mace "Lihoub" {holy, *Rage rN++ MR++
                  | Dex-4}
 25521 | Elf:3    | Identified the amulet of Qifoira {Gourm MP+9 Int+3 Dex+6
                  | Slay-6}
 25534 | Elf:3    | Killed a deep elf blademaster
 25790 | Elf:3    | Reached XP level 17. HP: 93/158 MP: 20/20
 25949 | Elf:3    | Got a steaming ring mail
 25954 | Elf:3    | Identified the cursed +1 ring mail of Jett {-Cast rElec
                  | SInv Stlth+} (You found it on level 3 of the Elven Halls)
 25956 | Elf:3    | Identified Sif Muna's Reference Book on Shape Shifting and
                  | Stolen Souls
 25981 | Elf:3    | Got an iridescent hand axe
 25984 | Elf:3    | Identified the +4 hand axe of Ikhliysk {chop, Str+5} (You
                  | found it on level 3 of the Elven Halls)
 25995 | Elf:3    | Got a bloodstained hunting sling
 25996 | Elf:3    | Identified the +10 hunting sling "Gesod" {flame, Str+2
                  | Dex+2} (You found it on level 3 of the Elven Halls)
 26034 | Elf:3    | Got a slimy bronze ring
 26036 | Elf:3    | Identified the ring "Eneow" {rElec rN+ Int+4} (You found it
                  | on level 3 of the Elven Halls)
 26071 | Elf:3    | Identified Pourgh's Reference Book on the Mutagenic Blaze
 26074 | Elf:3    | Identified the Tome of Attacks and Enhancements
 26206 | Elf:3    | Identified the +9 falchion of Action {slice, MP+9}
 26503 | Elf:3    | Received a gift from Trog
 26523 | Elf:3    | Found a shimmering blue altar of Sif Muna.
 27167 | D:9      | Received a gift from Trog
 27245 | Shoals:1 | Entered Level 1 of the Shoals
 27573 | Shoals:1 | You fall into a shaft and drop 1 floor!
 27580 | Shoals:2 | Reached skill level 19 in Axes
 27660 | Shoals:2 | Reached skill level 10 in Stealth
 27966 | Shoals:2 | You fall into a shaft and drop 1 floor!
 28034 | Shoals:3 | Reached ****** piety under Trog
 28838 | Shoals:3 | Found Lihojy's Weapon Emporium.
 28962 | Shoals:3 | Received a gift from Trog
 29298 | Shoals:4 | Entered Level 4 of the Shoals
 29298 | Shoals:4 | Found Favy's Armour Shop.
 29572 | Shoals:4 | Found Sifa's Assorted Antiques.
 29586 | Shoals:4 | Bought a scroll of identify for 80 gold pieces
 29586 | Shoals:4 | Bought a scroll of enchant armour for 300 gold pieces
 29586 | Shoals:4 | Bought a scroll labeled VETWENUNGO for 40 gold pieces
 29586 | Shoals:4 | Bought a potion of heal wounds for 200 gold pieces
 29586 | Shoals:4 | Bought a scroll of magic mapping for 140 gold pieces
 29707 | Shoals:4 | Found Ripneqam's Assorted Antiques.
 29722 | Shoals:4 | Bought a potion of agility for 124 gold pieces
 29722 | Shoals:4 | Bought a scroll of magic mapping for 108 gold pieces
 29722 | Shoals:4 | Bought 2 metallic golden potions for 55 gold pieces
 29744 | Shoals:4 | Found Boxtyz's Distillery.
 29806 | Shoals:4 | Found Kuxkiud's Antique Weapon Emporium.
 29859 | Shoals:4 | Reached XP level 18. HP: 171/171 MP: 1/21
 30107 | Shoals:4 | Got bloodstained quicksilver dragon scales
 30118 | Shoals:4 | Identified the quicksilver dragon scales of Good Intentions
                  | {MR+ Slay+4} (You found it on level 4 of the Shoals)
 30182 | Shoals:4 | Noticed Nikola
 30213 | Shoals:4 | Killed Nikola
 30262 | Shoals:4 | Reached skill level 10 in Throwing
 30381 | Shoals:4 | Got a barnacled rune of Zot
 30853 | Shoals:1 | Received a gift from Trog
 31154 | Snake:1  | Entered Level 1 of the Snake Pit
 32156 | Snake:2  | Noticed Asterion
 32156 | Snake:2  | Noticed Vashnia
 32174 | Snake:2  | Killed Asterion
 32181 | Snake:2  | Killed Vashnia
 32584 | Snake:2  | Got a translucent ring mail
 32612 | Snake:2  | Identified the +1 ring mail of Vehumet's Hope {Int+3 Dex+4}
                  | (You found it on level 2 of the Snake Pit)
 32669 | Snake:2  | Received a gift from Trog
 32706 | Snake:2  | Noticed Aizul
 32718 | Snake:2  | Killed Aizul
 33013 | Snake:3  | Found a shimmering blue altar of Sif Muna.
 33055 | Snake:3  | Received a gift from Trog
 33619 | Snake:3  | Found Faatt's Antique Armour Emporium.
 33627 | Snake:3  | Reached XP level 19. HP: 162/179 MP: 23/23
 33678 | Snake:3  | Received a gift from Trog
 34126 | Snake:3  | Received a gift from Trog
 34686 | Snake:4  | Entered Level 4 of the Snake Pit
 34778 | Snake:4  | Received a gift from Trog
 34820 | Snake:4  | Received a gift from Trog
 34871 | Snake:4  | Reached skill level 15 in Armour
 35205 | Snake:4  | Reached skill level 15 in Shields
 35210 | Snake:4  | Received a gift from Trog
 35572 | Snake:4  | Received a gift from Trog
 36308 | Snake:4  | Noticed Saint Roka
 36335 | Snake:4  | Killed Saint Roka
 36646 | Snake:4  | Got a serpentine rune of Zot
 37298 | Vaults:1 | Entered Level 1 of the Vaults
 37452 | Vaults:1 | Received a gift from Trog
 37466 | Vaults:1 | Found a runed translucent gate.
 37466 | Vaults:1 | Found a runed translucent gate.
 37466 | Vaults:1 | Found a runed translucent gate.
 37466 | Vaults:1 | Noticed Faydane's ghost (veteran HuFi)
 37468 | Vaults:1 | Identified the +1 chain mail "Kaxif" {rElec rPois rCorr
                  | Dex-3}
 37505 | Vaults:1 | Found Kyeleiheu's Gadget Boutique.
 37527 | Vaults:1 | Reached XP level 20. HP: 171/191 MP: 24/24
 38243 | Vaults:1 | Received a gift from Trog
 38666 | Vaults:1 | Identified the +4 chain mail "Saeng" {rPois rC+ Dex+7}
 38667 | Vaults:1 | Identified the +2 ring mail "Onwus" {rElec Regen+ rCorr}
 38670 | Vaults:1 | Found a roughly hewn altar of Beogh.
 38773 | Vaults:1 | Killed Faydane's ghost
 39040 | Vaults:1 | Received a gift from Trog
 39349 | Vaults:1 | Got a scorched cloak
 39360 | Vaults:1 | Identified the +2 cloak "Koolaca" {Int+2 Dex+2 Slay+2 SInv}
                  | (You found it on level 1 of the Vaults)
 39527 | Vaults:2 | Received a gift from Trog
 39704 | Vaults:2 | Received a gift from Trog
 40184 | Vaults:2 | You fall into a shaft and drop 2 floors!
 40553 | Vaults:4 | Found Leank's General Store.
 40610 | Vaults:4 | Noticed Boris
 40625 | Vaults:4 | Killed Boris
 40625 | Vaults:4 | Reached XP level 21. HP: 176/201 MP: 26/26
 40679 | Vaults:4 | Received a gift from Trog
 40746 | Vaults:4 | Reached skill level 15 in Fighting
 40868 | Vaults:4 | Received a gift from Trog
 41149 | Vaults:4 | Received a gift from Trog
 41156 | Vaults:4 | Reached skill level 15 in Slings
 41307 | Vaults:4 | Identified the +5 scale mail "Goben" {MP+9} (You found it
                  | on level 4 of the Vaults)
 41514 | Vaults:5 | Entered Level 5 of the Vaults
 42258 | Vaults:4 | Received a gift from Trog
 42667 | Vaults:5 | Noticed a golden dragon
 42668 | Vaults:5 | Identified the ring "Akavvuril" {*Corrode rElec rC+ MP-9
                  | Dex+10}
 42895 | Vaults:5 | Noticed a golden dragon
 42917 | Vaults:4 | Killed a golden dragon
 42917 | Vaults:4 | Reached skill level 20 in Axes
 42951 | Vaults:4 | Killed a golden dragon
 43566 | Vaults:4 | Reached XP level 22. HP: 211/212 MP: 28/28
 43578 | Vaults:5 | Received a gift from Trog
 43684 | Vaults:5 | Identified the +4 hunting sling "Pefyrch" {flame, +Blink
                  | rF+ rC- Dex+2}
 43922 | Vaults:5 | Noticed a golden dragon
 43941 | Vaults:5 | Killed a golden dragon
 44301 | Vaults:5 | Got a silver rune of Zot
 44405 | Vaults:5 | Noticed an ancient lich
 44414 | Vaults:5 | Killed an ancient lich
 44715 | Vaults:5 | Identified the cursed +0 pair of gloves "Litossa" {rElec
                  | rC+ MR++ Int-5} (You found it on level 5 of the Vaults)
 44889 | Vaults:5 | Identified the ring of Lugonu's Delight {Str+3 Int+2 SInv}
                  | (You found it on level 5 of the Vaults)
 44918 | Vaults:5 | Identified the cursed -1 hat of Atheism {rC++} (You found
                  | it on level 5 of the Vaults)
 44990 | Vaults:5 | Got a flickering bronze ring
 44991 | Vaults:5 | Identified the ring "Joun" {Str+2 Stlth+} (You found it on
                  | level 5 of the Vaults)
 45179 | Vaults:5 | Received a gift from Trog
 45477 | Vaults:3 | Received a gift from Trog
 45508 | Vaults:3 | Received a gift from Trog
 45578 | Vaults:3 | Found a flickering gateway to a bazaar.
 45584 | Bazaar   | Entered a bazaar
 45586 | Bazaar   | Found Vogec's Weapon Emporium.
 45594 | Bazaar   | Found Xiureagy's Weapon Boutique.
 45635 | Bazaar   | Found Mucy's Jewellery Shoppe.
 45643 | Bazaar   | Found Foawoamu's Magic Scroll Shop.
 45659 | Bazaar   | Bought the ring "Arphub" {rPois rC+++ AC+5 Dex+5 Stlth-}
                  | for 964 gold pieces
 46002 | Vaults:3 | Received a gift from Trog
 46157 | Vaults:3 | Paralysed by a floating eye for 2 turns
 46546 | Vaults:3 | Reached skill level 10 in Evocations
 46549 | Vaults:3 | Reached XP level 23. HP: 50/223 MP: 11/29
 46830 | Vaults:3 | Found a staircase to the Crypt.
 47279 | Vaults:2 | Received a gift from Trog
 47503 | Vaults:2 | Received a gift from Trog
 47807 | Vaults:2 | Found a runed translucent door.
 47814 | Vaults:2 | Noticed Droegar's ghost (adept MiBe)
 47831 | Vaults:2 | Killed Droegar's ghost
 48255 | Slime:1  | Entered Level 1 of the Pits of Slime
 48295 | Slime:1  | Gained mutation: You do not regenerate when monsters are
                  | visible. [a shining eye]
 48297 | Slime:1  | Lost mutation: You are robust. (+10% HP) [a shining eye]
 49333 | Slime:4  | Received a gift from Trog
 49349 | Slime:4  | Reached skill level 15 in Dodging
 49436 | Slime:4  | Received a gift from Trog
 49769 | Slime:5  | Entered Level 5 of the Pits of Slime
 50134 | Slime:5  | Reached skill level 21 in Axes
 50232 | Slime:5  | Gained mutation: Scrolls take you a little longer to read.
                  | [a shining eye]
 50376 | Slime:5  | Noticed the Royal Jelly
 50411 | Slime:4  | Gained mutation: You are frail. (-10% HP) [a shining eye]
 50412 | Slime:4  | Lost mutation: You expend magic power (3 MP) to strengthen
                  | your wands. [potion of mutation]
 50412 | Slime:4  | Lost mutation: Your flesh is heat resistant. (rF+) [potion
                  | of mutation]
 50412 | Slime:4  | Lost mutation: Scrolls take you a little longer to read.
                  | [potion of mutation]
 50412 | Slime:4  | Gained mutation: You are dopey. (Int -2) [potion of
                  | mutation]
 50412 | Slime:4  | Gained mutation: You have supernaturally acute eyesight.
                  | (SInv) [potion of mutation]
 50414 | Slime:4  | Gained mutation: You evolve. [a shining eye]
 50419 | Slime:4  | Lost mutation: You have supernaturally acute eyesight.
                  | (SInv) [a shining eye]
 50751 | Slime:5  | Found a viscous altar of Jiyva.
 50829 | Slime:5  | Killed the Royal Jelly
 51065 | Slime:5  | Got a slimy rune of Zot
 51067 | Slime:5  | Got a glittering jade amulet
 51069 | Slime:5  | Got a flickering ivory ring
 51121 | Slime:5  | Identified the amulet of Crawling {+Rage Str+4 Dex+5} (You
                  | found it on level 5 of the Pits of Slime)
 51122 | Slime:5  | Identified the ring "Ysoukkus" {rPois Str+2 Int+2} (You
                  | found it on level 5 of the Pits of Slime)
 51123 | Slime:5  | Identified the ring "Weuceeh" {AC+5 Str-4 Int+3 SInv} (You
                  | found it on level 5 of the Pits of Slime)
 51271 | Slime:4  | Gained mutation: You are clumsy. (Dex -2) [a shining eye]
 51278 | Slime:4  | Gained mutation: You are very dopey. (Int -4) [a shining
                  | eye]
 51292 | Slime:4  | Gained mutation: Potions are less effective at restoring
                  | your health. [a shining eye]
 51299 | Slime:4  | Gained mutation: Your body often deteriorates upon taking
                  | damage. [a shining eye]
 51305 | Slime:4  | Reached XP level 24. HP: 132/192 MP: 16/29
 51307 | Slime:4  | Gained mutation: Your magical capacity is low. (-10% MP) [a
                  | shining eye]
 51309 | Slime:4  | Gained mutation: You are very clumsy. (Dex -4) [a shining
                  | eye]
 51312 | Slime:4  | Gained mutation: You are very frail. (-20% HP) [a shining
                  | eye]
 51319 | Slime:4  | Gained mutation: You tend to lose your temper in combat. [a
                  | shining eye]
 51377 | Slime:4  | Received a gift from Trog
 52143 | Slime:3  | Gained mutation: Your magical capacity is very low. (-20%
                  | MP) [a shining eye]
 52666 | Slime:1  | Received a gift from Trog
 52701 | Slime:1  | Received a gift from Trog
 52991 | Lair:6   | Lost mutation: You are very dopey. (Int -4) [potion of
                  | mutation]
 52991 | Lair:6   | Lost mutation: You are very frail. (-20% HP) [potion of
                  | mutation]
 52991 | Lair:6   | Lost mutation: You are dopey. (Int -2) [potion of mutation]
 52991 | Lair:6   | Lost mutation: Your magical capacity is very low. (-20% MP)
                  | [potion of mutation]
 52991 | Lair:6   | Gained mutation: Your system is resistant to poisons.
                  | (rPois) [potion of mutation]
 52992 | Lair:6   | Lost mutation: Your spells are a little easier to cast, but
                  | a little less powerful. [potion of mutation]
 52992 | Lair:6   | Lost mutation: Your body often deteriorates upon taking
                  | damage. [potion of mutation]
 52992 | Lair:6   | Lost mutation: Your magical capacity is low. (-10% MP)
                  | [potion of mutation]
 52992 | Lair:6   | Lost mutation: You are frail. (-10% HP) [potion of
                  | mutation]
 52992 | Lair:6   | Gained mutation: You are dopey. (Int -2) [potion of
                  | mutation]
 52992 | Lair:6   | Gained mutation: You expend magic power (3 MP) to
                  | strengthen your wands. [potion of mutation]
 52993 | Lair:6   | Lost mutation: Your system is resistant to poisons. (rPois)
                  | [potion of mutation]
 52993 | Lair:6   | Lost mutation: You expend magic power (3 MP) to strengthen
                  | your wands. [potion of mutation]
 52993 | Lair:6   | Lost mutation: Your body sometimes deteriorates upon taking
                  | damage. [potion of mutation]
 52993 | Lair:6   | Gained mutation: Your flesh is cold resistant. (rC+)
                  | [potion of mutation]
 52993 | Lair:6   | Lost mutation: You are very clumsy. (Dex -4) [potion of
                  | mutation]
 52993 | Lair:6   | Gained mutation: You are partially covered in yellow
                  | scales. (AC +2) [potion of mutation]
 52994 | Lair:6   | Lost mutation: Your movements are slightly less encumbered
                  | by armour. (ER -2) [potion of mutation]
 52994 | Lair:6   | Lost mutation: You tend to lose your temper in combat.
                  | [potion of mutation]
 52994 | Lair:6   | Lost mutation: You are clumsy. (Dex -2) [potion of
                  | mutation]
 52994 | Lair:6   | Lost mutation: You evolve. [potion of mutation]
 52994 | Lair:6   | Gained mutation: Your system is resistant to poisons.
                  | (rPois) [potion of mutation]
 52995 | Lair:6   | Lost mutation: Your system is resistant to poisons. (rPois)
                  | [potion of mutation]
 52995 | Lair:6   | Lost mutation: You are dopey. (Int -2) [potion of mutation]
 52995 | Lair:6   | Gained mutation: You are dopey. (Int -2) [potion of
                  | mutation]
 52995 | Lair:6   | Gained mutation: You have a somewhat thin skeletal
                  | structure. (Dex +2, Stealth) [potion of mutation]
 53198 | Shoals:4 | Bought a potion of heal wounds for 70 gold pieces
 53198 | Shoals:4 | Bought a potion of haste for 140 gold pieces
 53198 | Shoals:4 | Bought a potion of curing for 42 gold pieces
 53198 | Shoals:4 | Bought 3 potions of mutation for 336 gold pieces
 53198 | Shoals:4 | Bought a potion of mutation for 112 gold pieces
 53198 | Shoals:4 | Bought a potion of mutation for 112 gold pieces
 53198 | Shoals:4 | Bought a potion of mutation for 112 gold pieces
 53198 | Shoals:4 | Bought a potion of mutation for 112 gold pieces
 53198 | Shoals:4 | Lost mutation: You are dopey. (Int -2) [potion of mutation]
 53198 | Shoals:4 | Lost mutation: You have a somewhat thin skeletal structure.
                  | (Dex +2, Stealth) [potion of mutation]
 53198 | Shoals:4 | Lost mutation: Your flesh is cold resistant. (rC+) [potion
                  | of mutation]
 53198 | Shoals:4 | Gained mutation: Your spells are a little easier to cast,
                  | but a little less powerful. [potion of mutation]
 53198 | Shoals:4 | Gained mutation: You have a somewhat thin skeletal
                  | structure. (Dex +2, Stealth) [potion of mutation]
 53199 | Shoals:4 | Lost mutation: You do not regenerate when monsters are
                  | visible. [potion of mutation]
 53199 | Shoals:4 | Lost mutation: Potions are less effective at restoring your
                  | health. [potion of mutation]
 53199 | Shoals:4 | Lost mutation: You have a somewhat thin skeletal structure.
                  | (Dex +2, Stealth) [potion of mutation]
 53199 | Shoals:4 | Lost mutation: You are partially covered in yellow scales.
                  | (AC +2) [potion of mutation]
 53199 | Shoals:4 | Lost mutation: Your spells are a little easier to cast, but
                  | a little less powerful. [potion of mutation]
 53199 | Shoals:4 | Gained mutation: You are dopey. (Int -2) [potion of
                  | mutation]
 53199 | Shoals:4 | Gained mutation: You are agile. (Dex +2) [potion of
                  | mutation]
 53552 | Crypt:1  | Entered Level 1 of the Crypt
 53768 | Crypt:1  | Received a gift from Trog
 54415 | Crypt:2  | Received a gift from Trog
 54416 | Crypt:2  | Noticed Mennas
 54450 | Crypt:2  | Killed Mennas
 55176 | Crypt:3  | Entered Level 3 of the Crypt
 55244 | Crypt:3  | Received a gift from Trog
 55662 | Crypt:3  | Found the +12 Vampire's Tooth {vamp}
 56345 | Crypt:3  | Noticed an ancient lich
 56354 | Crypt:3  | Killed an ancient lich
 56458 | Crypt:3  | Found a staircase to the Tomb.
 56460 | Crypt:3  | Noticed an ancient lich
 56470 | Crypt:3  | Killed an ancient lich
 56485 | Crypt:3  | Noticed an ancient lich
 56494 | Crypt:3  | Killed an ancient lich
 56494 | Crypt:3  | Reached XP level 25. HP: 223/223 MP: 30/30
 56965 | Tomb:1   | Entered Level 1 of the Tomb of the Ancients
 56974 | Tomb:1   | Received a gift from Trog
 57089 | Tomb:1   | Noticed Frederick
 57148 | Tomb:1   | Killed Frederick
 57951 | Tomb:1   | Noticed a greater mummy
 58119 | Tomb:1   | Killed a greater mummy
 58866 | Tomb:1   | Received a gift from Trog
 58899 | Tomb:1   | Noticed a greater mummy
 58915 | Tomb:1   | Killed a greater mummy
 58915 | Tomb:1   | Reached skill level 22 in Axes
 59250 | Tomb:1   | Noticed a greater mummy
 59265 | Tomb:1   | Killed a greater mummy
 59574 | Tomb:2   | Noticed a greater mummy
 59589 | Tomb:2   | Killed a greater mummy
 59600 | Tomb:2   | Noticed a greater mummy
 59619 | Tomb:2   | Reached skill level 15 in Throwing
 59635 | Tomb:1   | Noticed a greater mummy
 60046 | Tomb:2   | Killed a greater mummy
 60063 | Tomb:2   | Noticed a greater mummy
 60076 | Tomb:2   | Received a gift from Trog
 60082 | Tomb:2   | Killed a greater mummy
 60093 | Tomb:2   | Noticed a greater mummy
 60112 | Tomb:2   | Killed a greater mummy
 60691 | Tomb:1   | Killed a greater mummy
 60986 | Tomb:1   | Noticed a greater mummy
 61009 | Tomb:1   | Killed a greater mummy
 61009 | Tomb:1   | Reached XP level 26. HP: 84/232 MP: 30/30
 61404 | Tomb:1   | Noticed a greater mummy
 61420 | Tomb:1   | Noticed a greater mummy
 61425 | Tomb:1   | Killed a greater mummy
 61444 | Tomb:1   | Killed a greater mummy
 61740 | Tomb:1   | Noticed a greater mummy
 61754 | Tomb:1   | Killed a greater mummy
 61964 | Tomb:1   | Noticed a greater mummy
 61988 | Tomb:1   | Killed a greater mummy
 62018 | Tomb:1   | Noticed a greater mummy
 62020 | Tomb:1   | Noticed a greater mummy
 62032 | Tomb:1   | Killed a greater mummy
 62039 | Tomb:1   | Killed a greater mummy
 62052 | Tomb:1   | Noticed a greater mummy
 62438 | Tomb:1   | Killed a greater mummy
 62675 | Tomb:1   | Noticed a greater mummy
 62702 | Tomb:1   | Killed a greater mummy
 62702 | Tomb:1   | Received a gift from Trog
 63091 | Tomb:1   | Noticed a greater mummy
 63091 | Tomb:1   | Noticed a greater mummy
 63159 | Tomb:1   | Killed a greater mummy
 63253 | Tomb:1   | Noticed a greater mummy
 63265 | Tomb:1   | Killed a greater mummy
 63267 | Tomb:1   | Noticed a greater mummy
 63285 | Tomb:1   | Killed a greater mummy
 63292 | Tomb:1   | Killed a greater mummy
 63293 | Tomb:1   | Noticed a greater mummy
 63301 | Tomb:1   | Killed a greater mummy
 63722 | Tomb:1   | Noticed a greater mummy
 63731 | Tomb:1   | Killed a greater mummy
 64658 | Tomb:3   | Entered Level 3 of the Tomb of the Ancients
 64700 | Tomb:3   | Noticed a greater mummy
 64702 | Tomb:3   | Noticed a greater mummy
 64703 | Tomb:3   | Noticed a greater mummy
 64705 | Tomb:3   | Noticed a greater mummy
 64706 | Tomb:3   | Noticed a greater mummy
 64706 | Tomb:3   | Noticed a greater mummy
 64718 | Tomb:3   | Noticed Khufu
 65060 | Tomb:3   | Received a gift from Trog
 65062 | Tomb:3   | Noticed a greater mummy
 65201 | Tomb:3   | Killed a greater mummy
 65243 | Tomb:3   | Noticed a greater mummy
 65249 | Tomb:3   | HP: 7/234 [greater mummy/divine providence (11)]
 65251 | Tomb:3   | Slain by an ancient champion

Levels and vault maps discovered:
D:1:      lightli_iron_boxes, layout_loops_cross,
          chequers_serial_rivers_micro_b, kennysheep_crisscross,
          minmay_misc_feat_tiny, eino_curves_02
D:2:      layout_basic, first_ration
D:3:      layout_basic, nicolae_overflow_crystal_walls, uniq_jessica
D:4:      layout_cave_pods, st_stairs_12
D:5:      layout_cave_pools, kennysheep_mini_moat, minmay_misc_feat_tower,
          lightli_minifort, uniq_menkaure
D:6:      layout_layer_cave, overflow_temple_1_default,
          minmay_temple_entry_junction, basic_altar
D:7:      layout_loops_ring, uniq_crazy_yiuf_cottage
D:8:      layout_loops_ring, lemuel_coloured_pillars_altar,
          grunt_temple_overflow_open, blue_anna_alchemist
          [blue_anna_fruit_fields, blue_anna_fruit_fields], uniq_erica,
          uniq_maurice
D:9:      layout_long_grid, david_lair_generic, ebering_ghost_xom, uniq_joseph
D:10:     layout_big_octagon, statue_in_the_mist_lemuel
D:11:     layout_long_grid, orc_david_3, uniq_grum, uniq_erolcha
D:12:     layout_gridville, portal_ice_cave_entry_imps, serial_shops, shop,
          enter_bailey_6
D:13:     layout_irregular_city, hangedman_decor_points, uniq_kirke
D:14:     layout_stronghold, erik_vaults_2, fedhas_altar_2, basic_altar
D:15:     grunt_enter_depths_giant_problem, layout_cave_pools, serial_shops,
          nicolae_shop_window_shopping
Lair:1:   layout_chaotic_city, serial_rivers, chequers_serial_rivers_small_3,
          chequers_serial_rivers_room_a, chequers_serial_rivers_small_a,
          chequers_serial_rivers_room_b, chequers_serial_rivers_micro_a,
          beast_lair_carwin_5, minmay_lair_oklob_chamber
Lair:2:   layout_regular_city, dummy_snake_entry
Lair:3:   layout_layer_cave, elwin_shoals_entry_rocks, basic_altar,
          serial_bayou_shore_a, uniq_gastronok
Lair:4:   layout_roguey
Lair:5:   layout_loops_ring, lemuel_fruit_fields, uniq_urug, uniq_sonja
Lair:6:   due_jungle_book, layout_long_grid, slime_dummy, special_room
          [special_room_mythical_zoo], chequers_serial_rivers_room_a
Shoals:1: layout_shoals
Shoals:2: cheibrodos_shoals_oceanic_diplomacy, layout_shoals,
          nicolae_shoals_drake_roost
Shoals:3: layout_shoals, serial_shops, shop, nicolae_shoals_hunting_party
Shoals:4: shoals_end_hangedman, layout_shoals, serial_shops, shop_statue,
          nicolae_shop_behind_doors, nicolae_shop_statue_plus,
          nicolae_shop_statue_plus, shop, uniq_nikola
Snake:1:  layout_grid_shapes, grunt_megastairs_3
Snake:2:  layout_honeycomb, uniq_asterion, uniq_aizul, uniq_vashnia
Snake:3:  layout_layer_cave, basic_altar, minmay_shop_star
Snake:4:  johnstein_snake_rune_scales, layout_cave_town,
          nicolae_coiled_stairwell_up, lemuel_fruit_tree, uniq_saint_roka
Slime:1:  layout_caves
Slime:2:  layout_caves
Slime:3:  layout_caves
Slime:4:  layout_caves
Slime:5
Orc:1:    layout_diamond_mine, basic_altar, serial_shops, nicolae_shop_stone
Orc:2:    st_orc_rangers, layout_diamond_mine, minmay_orc_temple_a
Elf:1:    layout_loops_corners, serial_shops, shop,
          nicolae_shop_competitors_out_of_business, shop,
          minmay_elf_annihilation
Elf:2:    layout_gridlike, minivault_26, minivault_19,
          kilobyte_mutagenic_chamber, uniq_agnes, uniq_jorgrun
Elf:3:    minmay_elf_hall_quartered_circle, layout_geoelf_grid, basic_altar
Vaults:1: biasface_vaults_ghost_orc_armoury, nicolae_vaults_little_squares_2,
          v_rooms_6, ontoclasm_vaults_decontamination, v_misc_22, v_misc_14,
          vaults_mumra_hex, layout_vaults_chaotic_city, serial_shops,
          shop_statue
Vaults:2: ebering_vaults_ghost_reflecting_pool, nicolae_vaults_arrows,
          hangedman_vaults_variations, v_misc_5,
          vaults_mumra_minichess_inversion, nicolae_vaults_statue_guard,
          nicolae_vaults_border_crossing, vaults_dpeg_ring,
          ontoclasm_vaults_ring_large, vaults_dpeg_hooks,
          ontoclasm_vaults_pinch, dpeg_vaults_monster_box,
          nicolae_vaults_specimen_jars, layout_vaults_omnicross
Vaults:3: nicolae_vaults_an_arrangement, v_misc_1, vaults_dpeg_spiral, v_misc_2,
          dpeg_vaults_monster_row, vaults_room_corners,
          minmay_crypt_entry_simple_statues, hangedman_vaults_trim,
          vaults_room_pool, ontoclasm_vaults_gateway,
          nicolae_vaults_mini_display_case, serial_ice_h, layout_vaults_ring,
          serial_shops, bzr_entry_safe
Vaults:4: nicolae_vaults_c_with_doors, nicolae_vaults_back_hallway,
          nicolae_vaults_little_squares_2, hangedman_vaults_capsules,
          hangedman_vaults_impose, grunt_vaults_twisty, ontoclasm_vaults_idyll,
          v_misc_4, ontoclasm_vaults_misaligned, layout_vaults_omnibox,
          serial_shops, shop, uniq_boris
Vaults:5
Crypt:1:  layout_gridlike, st_stairs_6
Crypt:2:  layout_basic, minmay_misc_feat_columns, grunt_ministairs_2,
          hex_medium, serial_sigils_hangedman_scar, uniq_mennas
Crypt:3:  quadcrypt_mu
Tomb:1:   uniq_frederick
Tomb:2
Tomb:3

Skill      XL: |  1  2  3  4  5  6  7  8  9 10 11 12 13 14 15 16 17 18 19 20 21 22 23 24 25 26 |
---------------+-------------------------------------------------------------------------------+-----
Fighting       | 4 5 6 7 8 9 10 11 12 13 14 15 16 17 18 | 18.8
Axes           | 4 5 6 8 10 12 13 15 16 17 18 19 20 21 22 | 22.6
Armour         | 3 4 5 7 8 9 10 11 12 13 14 15 16 17 18 19 | 19.1
Stealth        | 1 2 3 4 5 6 7 8 9 10 11 12 13 14 | 14.8
Slings         | 2 3 4 5 6 7 8 9 10 12 13 14 15 16 17 18 | 18.8
Dodging        | 3 4 5 6 7 8 9 10 11 12 13 14 15 16 | 16.9
Throwing       | 1 2 3 4 5 6 7 8 9 10 11 12 13 14 15 16 | 16.1
Evocations     | 1 2 3 4 5 6 7 8 9 10 11 12 | 12.4
Shields        | 3 5 7 10 11 13 14 15 16 17 18 19 20 21 | 21.7

Action                   |  1- 3 |  4- 6 |  7- 9 | 10-12 | 13-15 | 16-18 | 19-21 | 22-24 | 25-27 || total
-------------------------+-------+-------+-------+-------+-------+-------+-------+-------+-------++-------
Melee: Hand axe          |    43 |    47 |   193 |       |       |       |       |       |       ||   283
       Headbutt          |     9 |     9 |    44 |    93 |   196 |   137 |   112 |   232 |   167 ||   999
       War axe           |       |       |   102 |   122 |       |       |       |       |       ||   224
       Broad axe         |       |       |       |   374 |   944 |   732 |   360 |   630 |   454 ||  3494
 Fire: Hunting sling     |    22 |   106 |    40 |    71 |     8 |   466 |  1096 |  1322 |   381 ||  3512
Invok: Berserk           |       |     1 |     2 |     3 |     4 |     5 |     5 |     1 |     6 ||    27
       Trog's Hand       |       |       |       |     9 |    15 |     8 |     5 |     4 |    20 ||    61
       Brothers in Arms  |       |       |       |     1 |     1 |     1 |     2 |     2 |     6 ||    13
Evoke: Wand              |       |       |     2 |    30 |    22 |    57 |    26 |    27 |    33 ||   197
       Lamp of fire      |       |       |       |     1 |     1 |     1 |     1 |     1 |     2 ||     7
       Box of beasts     |       |       |       |       |     1 |     1 |       |       |     2 ||     4
       Fan of gales      |       |       |       |       |     1 |     1 |     1 |     1 |     3 ||     7
       Phial of floods   |       |       |       |       |       |     1 |     1 |       |     2 ||     4
       Phantom mirror    |       |       |       |       |       |       |       |       |     1 ||     1
  Use: Scroll            |       |       |     9 |    18 |    16 |    10 |     5 |    17 |    24 ||    99
       Potion            |       |       |       |     1 |     2 |     3 |     2 |    16 |    39 ||    63
 Stab: Sleeping          |     1 |       |       |       |       |    12 |     1 |    39 |    11 ||    64
       Paralysed         |       |       |       |     8 |     3 |       |       |       |       ||    11
       Confused          |       |       |       |     2 |     2 |       |       |       |       ||     4
       Petrifying        |       |       |       |     1 |     2 |       |       |       |       ||     3
       Petrified         |       |       |       |       |     1 |       |       |       |       ||     1
       Distracted        |       |       |       |       |       |       |     1 |     1 |     1 ||     3
       Invisible         |       |       |       |       |       |       |       |       |     5 ||     5
  Eat: Chunk             |       |     5 |    12 |    24 |    42 |    27 |    23 |    16 |       ||   149
       Ration            |       |       |     1 |     2 |     2 |     4 |     4 |     8 |    13 ||    34
Armor: Animal skin       |     1 |       |       |       |       |       |       |       |       ||     1
       Ring mail         |    14 |    46 |    65 |       |       |       |       |    56 |       ||   181
       Chain mail        |       |       |    82 |   283 |   392 |    71 |       |       |       ||   828
       Scale mail        |       |       |       |       |       |    86 |       |       |       ||    86
       Quicksilver drago |       |       |       |       |       |    57 |   170 |    97 |   148 ||   472
Dodge: Dodged            |    28 |    70 |   197 |   280 |   282 |   356 |   336 |   367 |   472 ||  2388
Block: Other             |       |       |       |    35 |       |       |       |       |       ||    35
       Reflection        |       |       |       |    12 |    86 |    74 |   159 |    58 |     3 ||   392
       Buckler           |       |       |       |    42 |       |       |       |       |       ||    42
       Shield            |       |       |       |    10 |   669 |   714 |   659 |   768 |   877 ||  3697
